 Dungeon Crawl Stone Soup version 0.17.0-23-g0de4337 (webtiles) character file.

197204 panicbit the Severer (level 18, -1/168 HPs)
             Began as a Minotaur Fighter on Nov 13, 2015.
             Was a High Priest of Okawaru.
             Killed by divine providence
             ... invoked by an orc priest
             ... summoned by a worldbinder
              (16 damage)
             ... on level 1 of the Abyss.
             The game lasted 02:52:44 (28682 turns).

panicbit the Severer (Minotaur Fighter)            Turns: 28682, Time: 02:52:46

Health: -1/168     AC: 28    Str: 25      XL:     18   Next: 17%
Magic:  21/21      EV: 24    Int:  1 (5)  God:    Okawaru [*****.]
Gold:   1023       SH: 16    Dex: 17      Spells: 0 memorised, 18 levels left

rFire  + . .     SeeInvis .     w - +8 broad axe "Fag Agynk" {elec, Str+3}
rCold  + . .     Clarity  .     Z - +2 plate armour {rF+}
rNeg   . . .     SustAt   .     v - +0 shield {rC+}
rPois  +         Gourm    .     g - +2 hat {MR+}
rElec  .         Spirit   .     n - +2 cloak {rPois}
rCorr  .         Warding  .     X - +2 pair of gloves
rMut   +         Stasis   .     u - +0 pair of boots
MR     ++...                    V - amulet of resist mutation
Stlth  ..........               b - +6 ring of evasion
                                U - +5 ring of evasion

@: very resistant to hostile enchantments, extremely unstealthy
A: retaliatory headbutt, horns 2
a: Heroism, Finesse, Renounce Religion


You were on level 1 of the Abyss.
You worshipped Okawaru.
Okawaru was extremely pleased with you.
You were not hungry.

You visited 5 branches of the dungeon, and saw 29 of its levels.
You visited the Abyss 1 time.
You visited 1 bazaar.
You also visited: Volcano.

You collected 3672 gold pieces.
You spent 2649 gold pieces at shops.

Inventory:

Hand Weapons
 s - a +0 hand crossbow
 w - the +8 broad axe "Fag Agynk" (weapon) {elec, Str+3}
   (Okawaru gifted it to you on level 13 of the Dungeon)

   Occasionally, upon striking a foe, it will discharge some electrical energy
   and cause terrible harm.
   It affects your strength (+3).
 y - a +4 flail of protection
 J - a +2 eveningstar of flaming
Missiles
 H - 59 bolts
Armour
 c - a +3 shield
 g - a +2 hat of magic resistance (worn)
 n - a +2 cloak of poison resistance (worn)
 u - a +0 pair of boots (worn)
 v - a +0 shield of cold resistance (worn)
 X - a +2 pair of gloves (worn)
 Z - a +2 plate armour of fire resistance (worn)
Jewellery
 b - a +6 ring of evasion (right hand)
 m - an uncursed ring of protection from magic
 K - an uncursed ring of flight
 L - an uncursed ring of protection from fire
 M - an uncursed ring of see invisible
 U - a +5 ring of evasion (left hand)
 V - an amulet of resist mutation (around neck)
Wands
 P - a wand of frost (26)
Scrolls
 a - 11 scrolls of remove curse
 i - 6 scrolls of identify
 j - 2 scrolls of fear
 q - a scroll of recharging
 r - 5 scrolls of teleportation
 t - 2 scrolls of summoning
 C - 7 scrolls of fog
 S - a scroll of blinking
 Y - a scroll of holy word
Potions
 d - a potion of might
 k - a potion of berserk rage
 o - 8 potions of haste
 p - 2 potions of cure mutation
 A - 3 potions of agility
 E - 3 potions of flight
 G - a potion of resistance
 I - 3 potions of lignification
 Q - 3 potions of magic
 W - a potion of mutation
Comestibles
 e - 9 bread rations
 l - 12 meat rations
 x - 12 slices of pizza
 O - 15 royal jellies


   Skills:
 + Level 16.9 Fighting
 + Level 20.8(21.0) Axes
 + Level 5.5(15.0) Maces & Flails
 + Level 1.3 Throwing
 + Level 13.3 Armour
 + Level 9.4 Dodging
 + Level 3.2 Stealth
 + Level 18.4 Shields
 + Level 1.4 Unarmed Combat
 + Level 0.8 Spellcasting
 + Level 5.5 Invocations
 + Level 1.2 Evocations


You had 18 spell levels left.
You didn't know any spells.

Dungeon Overview and Level Annotations

Branches:
Dungeon (15/15)            Temple (1/1) D:7            Lair (8/8) D:11
  Swamp (1/4) Lair:5        Snake (0/4) Lair:4        Slime (0/6) Lair:6
    Orc (4/4) D:11            Elf (0/3) Orc:4        Vaults (0/5) D:13
 Depths (0/5) D:15

Altars:
Ashenzari
Cheibriados
Dithmenos
Elyvilon
Fedhas
Gozag
Kikubaaqudgha
Makhleb
Nemelex Xobeh
Okawaru
Qazlal
Ru
Sif Muna
Trog
Vehumet
Xom
Yredelemnul
Zin
The Shining One
Beogh

Shops:
D:6 (   D:7 =   D:10 !   D:12 (   Orc:1 (   Orc:4 ?[*:

Portals:
Hell: Lair:8
Pandemonium: Orc:4
Trove: D:15 (give 21 scrolls of identify)

Annotations:
Swamp:1 Louise


Innate Abilities, Weirdness & Mutations

You reflexively headbutt those who attack you in melee.
You have a pair of horns on your head.


Message History

An ancient zyme comes into view.
You see here 6 needles of sleeping.
A worldbinder comes into view.
The worldbinder calls forth creatures from the Orcish Mines!
The orc priest shouts!
You slash the worldbinder!
The worldbinder is heavily damaged.
The worldbinder misses you. The worldbinder barely misses you.
You hit the worldbinder but do no damage.
Your headbutt misses the worldbinder.
The worldbinder is heavily damaged.
The worldbinder calls forth creatures from the Orcish Mines!
You slash the worldbinder!
The worldbinder is severely damaged.
You hit the orc priest.
The orc priest is heavily wounded.
You completely miss the orc warrior.
The orc priest invokes the aid of Beogh against you.
Something smites you!
You die...

.x .### ... .
## ..# #.# #
.# .. ....
##.#
.#.#.....
....##xoo...#
# # ..#@##.##
.# .
##o...#.# ##
###..###....
.
###..(.....#.
.#.#.#.. ####
#.#..##.#.# .
#...#.##.##
#.## ...#.#
## # ..##.#


You could see a worldbinder, an orc warrior, a small abomination and 2 orc
priests.

Vanquished Creatures
  A bone dragon (Abyss:1)
  A lich (Abyss:1)
  Rupert (Lair:4)
  A tentacled monstrosity (Abyss:1)
  An Executioner (Abyss:1)
  4 tentacled starspawn (Abyss:1)
  Maud (Orc:2)
  2 balrugs (Abyss:1)
  A cacodemon (Abyss:1)
  A ghoul (Abyss:1)
  A lorocyproca (Abyss:1)
  A salamander stormcaller (Abyss:1)
  Azrael (D:12)
  A mottled draconian (Abyss:1)
  2 blizzard demons (Abyss:1)
  Snorg (Orc:2)
  A green death (Abyss:1)
  4 vault guards (D:13)
  3 rakshasas
  A great orb of eyes (Abyss:1)
  3 naga warriors (Abyss:1)
  4 centaur warriors (D:13)
  15 hydras
  2 catoblepae
  Erica (D:10)
  2 ogre magi
  2 tengu warriors (D:13)
  6 orc high priests (Orc:4)
  4 death yaks
  2 thrashing horrors (Abyss:1)
  A sun demon (Lair:8)
  A vampire mage (Abyss:1)
  A shadow wraith (Abyss:1)
  Nergalle (Orc:3)
  6 wretched stars (Abyss:1)
  A torturous demonspawn (Orc:4)
  2 spatial maelstroms (Abyss:1)
  A gelid demonspawn (Orc:4)
  2 putrid demonspawn (Orc:4)
  2 unseen horrors
  2 giant orange brains
  A wizard (Lair:8)
  An orange crystal statue (D:13)
  An anubis guard (shapeshifter) (D:15)
  6 orc knights
  4 hill giants
  18 ugly things
  A mana viper (Abyss:1)
  6 orc sorcerers
  A hornet (Swamp:1)
  4 cyclopes
  4 sixfirhies
  A guardian serpent (Abyss:1)
  6 worldbinders (Abyss:1)
  A manticore (D:11)
  A salamander (Abyss:1)
  A toenail golem (Volcano)
  17 elephants
  An octopode (shapeshifter) (D:15)
  2 rust devils
  5 smoke demons
  An ice statue (D:14)
  Psyche (D:8)
  3 black mambas
  5 orange demons
  3 kobold demonologists (D:14)
  5 komodo dragons
  13 spiny frogs
  A hellion (Abyss:1)
  8 fire drakes
  3 hellwings
  5 red devils
  A freezing wraith (D:14)
  A queen bee (shapeshifter) (D:15)
  11 ancient zymes (Abyss:1)
  3 polar bears
  A queen bee (Lair:4)
  2 two-headed ogres
  15 slime creatures
  7 trolls
  5 blue devils (Lair:8)
  A giant leech (Swamp:1)
  An air elemental (Abyss:1)
  2 trapdoor spider zombies
  7 blink frogs
  A spriggan (Lair:5)
  2 shadows
  9 raiju (Abyss:1)
  6 flying skulls (Abyss:1)
  33 starcursed masses (Abyss:1)
  6 ynoxinuls
  A trapdoor spider (D:11)
  15 large abominations (Abyss:1)
  3 deep elf magi
  A deep elf fighter (D:11)
  58 yaks
  3 chaos spawn
  4 wyverns
  7 neqoxecs (Abyss:1)
  Eustachio (D:4)
  6 basilisks
  3 hungry ghosts
  3 fire bats (Abyss:1)
  7 wraiths
  A basilisk (shapeshifter) (D:15)
  11 hippogriffs
  2 mottled dragons
  5 fire elementals (D:12)
  7 vampire mosquitoes
  3 nagas
  A swamp worm (Swamp:1)
  A soldier ant (D:13)
  7 wolves
  2 spatial vortices (Abyss:1)
  18 water moccasins
  3 wargs
  7 hell hounds
  14 porcupines
  4 ice beasts
  21 ogres
  An eye of draining (D:12)
  A manticore zombie (Abyss:1)
  4 phantoms
  4 black bears
  33 orc warriors
  4 sky beasts
  4 necrophages
  13 centaurs
  16 crocodiles
  A brain worm (D:15)
  2 big kobolds (D:14)
  The ghost of urechis the Magician, an amateur GrWz (D:4)
  24 giant frogs
  A scorpion (D:13)
  A water moccasin skeleton (D:4)
  53 killer bees
  18 small abominations (Abyss:1)
  6 wights
  2 vampire bats (D:4)
  2 electric eels
  10 crimson imps
  3 human zombies (D:11)
  9 hounds
  2 jellies (D:7)
  3 quasits
  2 giant frog zombies
  3 iron imps (Abyss:1)
  27 orc priests
  26 orc wizards
  A human skeleton (D:11)
  10 centaur skeletons
  3 centaur zombies
  Natasha (D:4)
  10 iguanas
  9 worker ants
  10 sheep
  An ogre zombie (D:11)
  2 hound zombies (D:5)
  A tengu skeleton (Abyss:1)
  2 hound skeletons
  3 mummies (D:11)
  A worker ant zombie (D:5)
  8 gnolls (D:12)
  15 adders
  71 river rats
  3 shadow imps
  15 white imps
  An ooze (D:2)
  2 ufetubi (Abyss:1)
  An adder zombie (D:7)
  An adder skeleton (D:5)
  177 orcs
  14 bats
  2 bat skeletons (D:4)
  4 bat zombies (D:4)
  5 giant cockroaches
  7 goblins
  7 hobgoblins
  4 jackals (D:7)
  11 kobolds
  3 quokkas
  4 ball pythons
  4 giant geckos
  A giant gecko skeleton (D:7)
  8 giant newts
  A jackal skeleton (D:4)
  An orc zombie (D:11)
  A quokka zombie (D:5)
  15 rats
  2 butterflies (Lair:1)
  14 fungi
  6 plants
  2 starspawn tentacles (Abyss:1)
1294 creatures vanquished.

Vanquished Creatures (others)
  An unseen horror (D:11)
  An orc (Orc:4)
  4 fungi
  2 lurking horrors (Abyss:1)
  2 plants
  5 starspawn tentacles (Abyss:1)
  2 starspawn tentacle segments (Abyss:1)
17 creatures vanquished.

Grand Total: 1311 creatures vanquished

Notes
Turn   | Place    | Note
--------------------------------------------------------------
     0 | D:1      | panicbit the Minotaur Fighter began the quest for the Orb.
     0 | D:1      | Reached XP level 1. HP: 19/19 MP: 0/0
   114 | D:1      | Reached skill level 4 in Armour
   147 | D:1      | Reached XP level 2. HP: 26/26 MP: 1/1
   637 | D:2      | Reached XP level 3. HP: 33/33 MP: 2/2
  1148 | D:2      | Reached XP level 4. HP: 40/40 MP: 3/3
  1619 | D:3      | Reached skill level 1 in Dodging
  1636 | D:3      | Found a snail-covered altar of Cheibriados.
  1636 | D:3      | Found a glowing golden altar of the Shining One.
  1641 | D:3      | Found a bloodstained altar of Trog.
  1781 | D:4      | Found a glowing silver altar of Zin.
  1781 | D:4      | Noticed an angel
  1782 | D:4      | Found a shimmering altar of Xom.
  1847 | D:4      | Found a stormy altar of Qazlal.
  1949 | D:4      | Found a burning altar of Makhleb.
  1950 | D:4      | Found a radiant altar of Vehumet.
  1970 | D:4      | Reached skill level 5 in Shields
  1970 | D:4      | Reached XP level 5. HP: 47/47 MP: 4/4
  1987 | D:4      | Noticed Eustachio
  2017 | D:4      | Killed Eustachio
  2017 | D:4      | Reached skill level 5 in Armour
  2017 | D:4      | Reached XP level 6. HP: 34/53 MP: 5/5
  2047 | D:4      | Found a blossoming altar of Fedhas.
  2108 | D:4      | Noticed an ogre
  2110 | D:4      | Found a shattered altar of Ashenzari.
  2113 | D:4      | Killed an ogre
  2223 | D:4      | Noticed Natasha
  2228 | D:4      | Killed Natasha
  2361 | D:4      | Noticed urechis's ghost (amateur GrWz)
  2381 | D:4      | Killed urechis's ghost
  2381 | D:4      | Reached skill level 6 in Shields
  2381 | D:4      | Reached XP level 7. HP: 45/60 MP: 6/6
  2413 | D:4      | Found an ancient bone altar of Kikubaaqudgha.
  2461 | D:5      | Entered Level 5 of the Dungeon
  2479 | D:5      | Reached skill level 5 in Axes
  2559 | D:5      | Found a sparkling altar of Nemelex Xobeh.
  2872 | D:5      | Reached skill level 7 in Shields
  3154 | D:5      | Reached skill level 5 in Fighting
  3158 | D:5      | Reached XP level 8. HP: 51/68 MP: 7/7
  3579 | D:6      | Reached skill level 5 in Dodging
  3628 | D:6      | Found Ogiug's Weapon Shop.
  3968 | D:6      | Reached skill level 8 in Shields
  4074 | D:7      | Found an opulent altar of Gozag.
  4118 | D:7      | Reached XP level 9. HP: 50/75 MP: 8/8
  4359 | D:7      | Found Goymmiak's Jewellery Shop.
  4362 | D:7      | Found a staircase to the Ecumenical Temple.
  4403 | D:7      | Bought an uncursed ring of see invisible for 180 gold pieces
  4403 | D:7      | Bought a +1 ring of protection for 36 gold pieces
  4412 | Temple   | Entered the Ecumenical Temple
  4420 | Temple   | Became a worshipper of Warmaster Okawaru
  5063 | D:8      | Noticed Psyche
  5079 | D:8      | Killed Psyche
  5079 | D:8      | Reached * piety under Okawaru
  5079 | D:8      | Reached skill level 9 in Shields
  5102 | D:8      | Found a blossoming altar of Fedhas.
  5645 | D:9      | Reached XP level 10. HP: 47/86 MP: 9/9
  5771 | D:9      | Reached ** piety under Okawaru
  6470 | D:10     | Entered Level 10 of the Dungeon
  6666 | D:10     | Noticed an eight-headed hydra
  6678 | D:10     | Killed an eight-headed hydra
  6678 | D:10     | Reached *** piety under Okawaru
  6678 | D:10     | Reached skill level 10 in Axes
  6678 | D:10     | Reached skill level 10 in Shields
  6730 | D:10     | Reached skill level 1 in Maces & Flails
  6884 | D:10     | Noticed Erica
  6903 | D:10     | Killed Erica
  7061 | D:10     | Found Hasih's Distillery.
  7295 | D:7      | Bought an uncursed ring of protection from magic for 300 gold pieces
  8032 | D:11     | Reached **** piety under Okawaru
  8035 | D:11     | Found an ancient bone altar of Kikubaaqudgha.
  8077 | D:11     | Reached XP level 11. HP: 87/95 MP: 10/10
  8136 | D:11     | Reached skill level 11 in Shields
  8274 | D:11     | Found a roughly hewn altar of Beogh.
  8367 | D:11     | Noticed a hill giant
  8375 | D:11     | Killed a hill giant
  8375 | D:11     | Received a gift from Okawaru
  8424 | D:11     | Noticed a manticore
  8428 | D:11     | Killed an unseen horror
  8437 | D:11     | Killed a manticore
  8650 | D:11     | Reached ***** piety under Okawaru
  8740 | D:11     | Found a staircase to the Lair.
  8776 | Lair:1   | Entered Level 1 of the Lair of Beasts
  8839 | Lair:1   | Reached skill level 10 in Fighting
  8839 | Lair:1   | Reached skill level 12 in Shields
  9176 | Lair:1   | Noticed an eight-headed hydra
  9191 | Lair:1   | Killed an eight-headed hydra
  9213 | Lair:1   | Reached XP level 12. HP: 64/107 MP: 11/11
  9214 | Lair:1   | Found a frozen archway.
 10028 | Lair:2   | Found a shadowy altar of Dithmenos.
 10301 | Lair:2   | Reached skill level 13 in Axes
 10326 | Lair:2   | Reached skill level 10 in Armour
 10517 | Lair:2   | Received a gift from Okawaru
 11019 | Lair:2   | Noticed a seven-headed hydra
 11030 | Lair:2   | Killed a seven-headed hydra
 11259 | Lair:3   | Noticed an eight-headed hydra
 11272 | Lair:3   | Killed an eight-headed hydra
 11431 | Lair:3   | Noticed a six-headed hydra
 11435 | Lair:3   | Noticed a catoblepas
 11444 | Lair:3   | Killed a six-headed hydra
 11444 | Lair:3   | Reached skill level 1 in Invocations
 11467 | Lair:3   | Reached skill level 1 in Stealth
 11468 | Lair:3   | Killed a catoblepas
 12016 | Lair:4   | Found a staircase to the Snake Pit.
 12059 | Lair:4   | Reached skill level 14 in Axes
 12071 | Lair:4   | Reached ****** piety under Okawaru
 12207 | Lair:4   | Found a sacrificial altar of Ru.
 12340 | Lair:4   | Found a dark tunnel.
 12351 | Volcano  | Entered a volcano
 12632 | Lair:4   | Reached XP level 13. HP: 116/116 MP: 12/12
 12656 | Lair:4   | Received a gift from Okawaru
 13114 | Lair:5   | Noticed Rupert
 13439 | Lair:4   | Killed Rupert
 13439 | Lair:4   | Received a gift from Okawaru
 13478 | Lair:5   | Reached skill level 15 in Axes
 13503 | Lair:5   | Found a staircase to the Swamp.
 14008 | Lair:6   | Identified the Papyrus of Summoning and Self-Improvement
 14198 | Lair:6   | Found a staircase to the Slime Pits.
 14459 | Lair:6   | Received a gift from Okawaru
 14672 | Lair:6   | Reached skill level 1 in Throwing
 14672 | Lair:6   | Reached skill level 1 in Unarmed Combat
 14672 | Lair:6   | Reached skill level 1 in Evocations
 14672 | Lair:6   | Reached XP level 14. HP: 122/129 MP: 15/15
 15169 | Lair:7   | Reached XP level 15. HP: 126/135 MP: 16/16
 15901 | Lair:7   | Reached skill level 16 in Axes
 16090 | Lair:8   | Entered Level 8 of the Lair of Beasts
 16356 | Lair:8   | Found a burning altar of Makhleb.
 16386 | Lair:8   | Found a gateway to Hell.
 16423 | Lair:8   | Reached skill level 15 in Shields
 17827 | D:11     | Found a staircase to the Orcish Mines.
 17878 | Orc:1    | Entered Level 1 of the Orcish Mines
 18108 | Orc:1    | Found Fysi's Weapon Boutique.
 18151 | Orc:2    | Noticed Snorg
 18160 | Orc:2    | Killed Snorg
 18325 | Orc:2    | Noticed Maud
 18352 | Orc:2    | Killed Maud
 18423 | Orc:3    | Found a roughly hewn altar of Beogh.
 18612 | Orc:3    | Received a gift from Okawaru
 19215 | Orc:4    | Entered Level 4 of the Orcish Mines
 19392 | Orc:4    | Found Xuadiq's General Store.
 19393 | Orc:4    | Found Vetwior's Magic Scroll Boutique.
 19525 | Orc:4    | Bought a scroll of enchant armour for 112 gold pieces
 19527 | Orc:4    | Bought a scroll of identify for 34 gold pieces
 19527 | Orc:4    | Bought a scroll of brand weapon for 340 gold pieces
 19527 | Orc:4    | Bought a scroll of remove curse for 51 gold pieces
 19527 | Orc:4    | Bought a scroll of enchant weapon for 127 gold pieces
 19605 | Orc:4    | Found a staircase to the Elven Halls.
 19795 | Orc:4    | Found a shimmering altar of Xom.
 20063 | Orc:4    | Reached skill level 17 in Axes
 20662 | Orc:4    | Reached XP level 16. HP: 58/146 MP: 16/18
 20935 | Orc:4    | Found Diunid's Antique Armour Emporium.
 20935 | Orc:4    | Found Fontyuh's Book Shoppe.
 20935 | Orc:4    | Found a one-way gate leading to the halls of Pandemonium.
 20944 | Orc:4    | Bought an embroidered cloak for 148 gold pieces
 21065 | Orc:3    | Noticed Nergalle
 21075 | Orc:3    | Killed Nergalle
 21472 | D:11     | Noticed a cyclops
 21479 | D:11     | Killed a cyclops
 21534 | D:12     | Found Osofaora's Weapon Shop.
 21633 | D:12     | Found a shimmering altar of Xom.
 21680 | D:12     | Noticed Azrael
 21705 | D:12     | Killed Azrael
 21874 | D:12     | Reached skill level 5 in Maces & Flails
 22673 | D:13     | Found a gateway to a bazaar.
 22688 | Bazaar   | Entered a bazaar
 22703 | Bazaar   | Found Beiroc's Gadget Shop.
 22734 | Bazaar   | Found Xuitircha's Gadget Shop.
 22756 | Bazaar   | Found Eryxamo's Distillery.
 22782 | Bazaar   | Found Xashesel's Distillery.
 22815 | Bazaar   | Bought a potion of curing for 36 gold pieces
 22815 | Bazaar   | Bought a potion of heal wounds for 60 gold pieces
 22815 | Bazaar   | Bought a potion of cure mutation for 420 gold pieces
 22815 | Bazaar   | Bought a potion of curing for 36 gold pieces
 22835 | Bazaar   | Bought a potion of beneficial mutation for 525 gold pieces
 22835 | Bazaar   | Bought a potion of heal wounds for 75 gold pieces
 22835 | Bazaar   | Bought a potion of heal wounds for 75 gold pieces
 22835 | Bazaar   | Bought a potion of curing for 45 gold pieces
 22835 | Bazaar   | Gained mutation: You have a pair of large horns on your head. [potion of beneficial mutation]
 22907 | D:13     | Lost mutation: You have a pair of large horns on your head. [potion of cure mutation]
 22988 | D:13     | Found a gate to the Vaults.
 22997 | D:13     | Reached skill level 18 in Axes
 23017 | D:13     | Received a gift from Okawaru
 23032 | D:13     | Got a faintly glowing broad axe {god gift}
 23033 | D:13     | Identified the +8 broad axe "Fag Agynk" {elec, Str+3} (Okawaru gifted it to you on level 13 of the Dungeon)
 23710 | D:14     | Reached skill level 15 in Fighting
 23869 | D:14     | Received a gift from Okawaru
 24271 | D:15     | Entered Level 15 of the Dungeon
 24668 | D:15     | Reached skill level 19 in Axes
 24868 | D:15     | Found a portal to a secret trove of treasure.
 25026 | D:15     | Found a staircase to the Depths.
 25286 | Orc:1    | Bought a +0 hand crossbow for 49 gold pieces
 25323 | D:11     | Noticed a hill giant
 25330 | D:11     | Killed a hill giant
 25468 | Swamp:1  | Entered Level 1 of the Swamp
 25533 | Swamp:1  | Noticed Louise
 25540 | Swamp:1  | Cast into the Abyss (Louise)
 25629 | Abyss:1  | Reached XP level 17. HP: 135/157 MP: 19/19
 26096 | Abyss:1  | Noticed a bone dragon
 26110 | Abyss:1  | Killed a bone dragon
 26110 | Abyss:1  | Reached skill level 5 in Invocations
 26321 | Abyss:1  | Received a gift from Okawaru
 26651 | Abyss:1  | Noticed a Hell Sentinel
 26936 | Abyss:1  | Paralysed by accursed screaming for 1 turns
 27053 | Abyss:1  | Found a snail-covered altar of Cheibriados.
 27078 | Abyss:1  | Reached skill level 20 in Axes
 27587 | Abyss:1  | Noticed a tentacled monstrosity
 27597 | Abyss:1  | Killed a tentacled monstrosity
 27609 | Abyss:1  | Noticed a lich
 27623 | Abyss:1  | Killed a lich
 27697 | Abyss:1  | Received a gift from Okawaru
 27830 | Abyss:1  | Reached XP level 18. HP: 48/168 MP: 21/21
 28270 | Abyss:1  | HP: 12/252 [starcursed mass/accursed screaming (8)]
 28270 | Abyss:1  | Paralysed by accursed screaming for 1 turns
 28271 | Abyss:1  | HP: 3/252 [starcursed mass/accursed screaming (9)]
 28287 | Abyss:1  | HP: 8/252 [starcursed mass/accursed screaming (6)]
 28288 | Abyss:1  | HP: 3/252 [starcursed mass/accursed screaming (6)]
 28393 | Abyss:1  | Lost intelligence.
 28651 | Abyss:1  | HP: 5/168 [hellion/burst of hellfire (43)]
 28682 | Abyss:1  | Killed from afar by an orc priest

Action                   |  1- 3 |  4- 6 |  7- 9 | 10-12 | 13-15 | 16-18 || total
-------------------------+-------+-------+-------+-------+-------+-------++-------
Melee: War axe           |    75 |   128 |    33 |   361 |   123 |       ||   720
       Broad axe         |       |       |   268 |   439 |   792 |  1133 ||  2632
       Flail             |       |       |       |    52 |       |       ||    52
       Battleaxe         |       |       |       |     6 |       |       ||     6
       Eveningstar       |       |       |       |       |    73 |    25 ||    98
Invok: Heroism           |       |       |       |     5 |    16 |    15 ||    36
       Finesse           |       |       |       |       |     3 |     2 ||     5
 Abil: Evoke Flight      |       |       |       |       |       |     1 ||     1
  Use: Scroll            |       |     2 |     5 |    23 |    12 |    11 ||    53
       Potion            |       |       |     2 |       |     6 |    30 ||    38
 Stab: Petrified         |       |       |       |     6 |       |       ||     6
       Petrifying        |       |       |       |     1 |       |       ||     1
  Eat: Chunk             |     1 |     4 |    12 |    21 |    24 |    14 ||    76
       Royal jelly       |       |       |       |     1 |       |       ||     1
       Fruit             |       |       |       |     1 |     1 |    15 ||    17
       Beef jerky        |       |       |       |       |     2 |     2 ||     4
